 Dungeon Crawl Stone Soup version 0.30-a0-799-g109b55a442 (webtiles) character file.

Game seed: 5174270994446030940

760 dolemite99 the Skirmisher (level 7, -7/56 HPs)
             Began as a Minotaur Hunter on Feb 21, 2023.
             Mangled by an iguana (8 damage)
             ... on level 5 of the Dungeon.
             The game lasted 00:03:27 (3008 turns).

dolemite99 the Skirmisher (Minotaur Hunter)         Turns: 3008, Time: 00:03:28

Health: -7/56      AC:  3    Str: 15    XL:     7   Next: 51%
Magic:  6/6        EV: 12    Int:  6    God:
Gold:   270        SH:  0    Dex: 16    Spells: 6/6 levels left

rFire   . . .      SeeInvis .    a - +0 shortbow (elec)
rCold   . . .      Faith    .    (shield currently unavailable)
rNeg    . . .      Spirit   .    c - +0 leather armour
rPois   +          Reflect  .    (helmet restricted)
rElec   .          Harm     .    (no cloak)
rCorr   .          Rampage  .    (no gloves)
Will    .....                    (no boots)
Stlth   +                        (no amulet)
HPRegen 0.29/turn                t - ring of poison resistance
MPRegen 0.10/turn                (no ring)

@: lethally poisoned (-7 -> -12)
A: horns 2, retaliatory headbutt
a: no special abilities


You were on level 5 of the Dungeon.
You visited 1 branch of the dungeon, and saw 5 of its levels.

You collected 270 gold pieces.

Inventory:

Hand Weapons
 a - a +0 shortbow of electrocution (weapon)
 f - a +0 quarterstaff
 l - a +0 long sword
Missiles
 n - 6 boomerangs
Armour
 c - a +0 leather armour (worn)
 g - a +0 ring mail
Magical Staves
 w - a staff of death
Jewellery
 h - an amulet of magic regeneration
 t - a ring of poison resistance (left hand)
 u - a ring of protection from fire
Wands
 r - a wand of digging (5)
Scrolls
 b - a scroll of immolation
 q - a scroll of teleportation
Potions
 d - 2 potions of heal wounds
 j - 3 potions of lignification
 m - a potion of attraction {unknown}
 o - 2 potions of cancellation {unknown}
 s - a potion of mutation {unknown}
 v - a potion of degeneration {unknown}
 x - a potion of might {unknown}


   Skills:
 - Level 2.4 Fighting
 + Level 10.2 Ranged Weapons
 - Level 2.1 Dodging
 - Level 0.7 Stealth


You had 6 spell levels left.
You didn't know any spells.
Your spell library contained the following spells:

 Spells                   Type           Power      Damage    Failure   Level
 Shock                    Conj/Air       0%         1d3       52%         1
 Swiftness                Air            0%         N/A       88%         3
 Airstrike                Air            0%         2d(0-16)  99%         4


Dungeon Overview and Level Annotations

Branches:
Dungeon (5/15)
 Temple: D:4-7

Altars:

Annotations:
D:2 exclusion: downstairs
D:3 Sigmund


Innate Abilities, Weirdness & Mutations

You have a pair of horns on your head.
You reflexively headbutt those who attack you in melee.


Message History

You kill the adder!
You hear an angry hiss.
You shoot an arrow.
The arrow hits the dart slug but does no damage.
A water moccasin comes into view.
The dart slug launches a dart at you. The slug dart hits you.
You shoot an arrow. The arrow hits the dart slug.
Lightning courses through the dart slug!
You kill the dart slug!
An iguana comes into view.
The water moccasin misses you. You furiously retaliate!
You headbutt the water moccasin, but do no damage.
There is an open door here.
You shoot an arrow. The arrow misses the water moccasin.
The water moccasin bites you! The water moccasin bites you.
The iguana bites you! The water moccasin bites you!
You are poisoned.
The water moccasin poisons you!
You feel very sick. The iguana bites you. The water moccasin bites you.
You see here an adder corpse.
You are too injured to fight recklessly!
You shoot an arrow. The arrow hits the water moccasin!
The water moccasin is moderately wounded.
You feel very sick.
The water moccasin bites you but does no damage.
The iguana barely misses you. The water moccasin bites you.
* * * LOW HITPOINT WARNING * * *
You are too injured to fight recklessly!
You shoot an arrow.
The arrow barely misses the water moccasin.
You feel sick. The iguana misses you. The water moccasin bites you!
* * * LOW HITPOINT WARNING * * *
You shoot an arrow. The arrow hits the water moccasin.
The water moccasin is heavily wounded.
* * * LOW HITPOINT WARNING * * *
You feel sick. The water moccasin closely misses you. The iguana bites you!
You die...

###........
........†..
#+###
.......<...
#...##
.........##
.....
.........##
#+## #...#
###........
..... #...#
#..##....
.....##...#
#+# #....
......l@..#
.....
......S...#
...##
.....##'###
....
##...## ...
#.....# ..
#.....# .
##....#
#.....#
#.....#


You could see a water moccasin and an iguana.

Vanquished Creatures
  A black bear (D:5)
  A necrophage (D:5)
  5 scorpions
  2 hounds (D:5)
  2 iguanas
  4 gnolls (D:4)
  9 adders
  A river rat (D:4)
  2 dart slugs (D:5)
  10 ball pythons
  3 bats
  4 endoplasms
  6 giant cockroaches
  2 goblins
  2 hobgoblins
  8 jackals
  6 kobolds (D:1)
  4 quokkas
  4 frilled lizards
  5 rats
81 creatures vanquished.

Notes
Turn   | Place    | Note
-------+----------+-------------------------------------------
     0 | D:1      | dolemite99 the Minotaur Hunter began the quest for the Orb.
     0 | D:1      | Reached XP level 1. HP: 18/18 MP: 0/0
    95 | D:1      | Reached XP level 2. HP: 22/25 MP: 1/1
   101 | D:1      | Reached skill level 5 in Ranged Weapons
   417 | D:1      | Reached XP level 3. HP: 30/30 MP: 2/2
   859 | D:2      | Reached skill level 6 in Ranged Weapons
  1069 | D:2      | You fall into a shaft and drop 1 floor!
  1121 | D:3      | Reached XP level 4. HP: 37/37 MP: 3/3
  1122 | D:3      | Noticed Sigmund
  1625 | D:4      | Noticed a scorpion
  1635 | D:4      | Killed a scorpion
  1636 | D:4      | Reached skill level 7 in Ranged Weapons
  1636 | D:4      | Reached XP level 5. HP: 38/42 MP: 4/4
  1781 | D:4      | Reached skill level 8 in Ranged Weapons
  1784 | D:4      | Reached XP level 6. HP: 9/50 MP: 5/5
  2457 | D:5      | Entered Level 5 of the Dungeon
  2477 | D:5      | Reached skill level 9 in Ranged Weapons
  2824 | D:5      | Reached XP level 7. HP: 56/56 MP: 6/6
  2845 | D:5      | Reached skill level 10 in Ranged Weapons
  3008 | D:5      | HP: 1/56 [poisoned by a water moccasin]
  3008 | D:5      | Mangled by an iguana

Illustrated notes

Levels and vault maps discovered:
D:1:      lemuel_arrival_hallway, layout_basic
D:2:      layout_basic
D:3:      layout_rooms, minmay_misc_feat_plants, fountainhead, uniq_terence,
          uniq_sigmund
D:4:      layout_basic, portal_sewer_entry_e
D:5:      layout_gridville, lemuel_round_altar

Skill      XL: |  1  2  3  4  5  6  7 |
---------------+----------------------+-----
Ranged Weapons | 5 6 7 8 9 10 | 10.2
Fighting       | |  2.4
Dodging        | |  2.1
Stealth        | |  0.7

Action                     |  1- 3 |  4- 6 |  7- 9 || total
---------------------------+-------+-------+-------++-------
   Fire: Shortbow          |    91 |    81 |    28 ||   200
    Use: Scroll            |       |     6 |     1 ||     7
         Potion            |       |     1 |       ||     1
 Armour: Leather armour    |    13 |    12 |     2 ||    27
  Dodge: Dodged            |    39 |    32 |    17 ||    88

Table legend: (Time is in decaauts)
 A = Elapsed time spent in this place.
 B = Non-inter-level travel time spent in this place.
 C = Inter-level travel time spent in this place.
 D = Time resting spent in this place.
 E = Time spent auto-exploring this place.
 F = Levels seen in this place.
 G = Mean time per level.
                   A        B        C        D        E       F      G
               +--------+--------+--------+--------+--------+-----+--------+
         Total |   3047 |   2940 |    107 |    661 |   1648 |   5 |  609.4 |
       Dungeon |   3047 |   2940 |    107 |    661 |   1648 |   5 |  609.4 |
               +--------+--------+--------+--------+--------+-----+--------+

Top non-repeatable levels by time:
     D:4: 910 daAuts
     D:2: 697 daAuts
     D:1: 657 daAuts
     D:5: 552 daAuts
     D:3: 228 daAuts
